[Event "Titled Tuesday Blitz May 18 2021"]
[White "Alekseenko, Kirill"]
[Black "Pastar, Slaven"]
[WhiteFideId "4135539"]
[BlackFideId "14402718"]
[WhiteElo "2580"]
[BlackElo "2227"]
[Result "1-0"]
[Round "01"]
[TimeControl "180+1"]
[Date "2021.05.18"]
[WhiteClock "0:00:51"]
[BlackClock "0:00:01"]

1. d4 g6 2. e4 Bg7 3. Nc3 d6 4. f4 c6 5. Nf3 Qc7 6. Bd3 Bg4 7. Be3 Nd7 8. h3 Bxf3 9. Qxf3 Qb6 10. O-O-O O-O-O 11. e5 d5 12. g4 e6 13. f5 gxf5 14. gxf5 Bh6 15. Bxh6 Nxh6 16. Qf4 Nxf5 17. Bxf5 exf5 18. Qxf5 Rhf8 19. Qxh7 Kb8 20. Qf5 Qa5 21. a3 Nb6 22. h4 Nc4 23. Rd3 Qb6 24. b3 Nxa3 25. h5 Qa5 26. h6 Nc4 27. Nb1 Qa1 28. bxc4 dxc4 29. Rc3 Rxd4 30. h7 Rdd8 31. e6 fxe6 32. Qe5+ Ka8 33. h8=Q 1-0


[Site "https://www.chess.com"]

[Event "Titled Tuesday Blitz May 18 2021"]
[White "Andreikin, Dmitry"]
[Black "Orozbaev, Eldiar"]
[WhiteFideId "4158814"]
[BlackFideId "13802240"]
[WhiteElo "2782"]
[BlackElo "1914"]
[Result "1-0"]
[Round "01"]
[TimeControl "180+1"]
[Date "2021.05.18"]
[WhiteClock "0:00:31"]
[BlackClock "0:00:03"]

1. d4 Nf6 2. c4 e6 3. Nf3 d5 4. g3 c6 5. Nbd2 Be7 6. Bg2 O-O 7. O-O b6 8. Qc2 Na6 9. e4 Nb4 10. Qb1 dxe4 11. Nxe4 Bb7 12. a3 Na6 13. Rd1 Rc8 14. Bf4 Qe8 15. Nd6 Bxd6 16. Bxd6 c5 17. Ne5 Bxg2 18. Kxg2 cxd4 19. Rxd4 Nc5 20. b4 Ncd7 21. Nf3 e5 22. Rd1 e4 23. Nd4 Rxc4 24. Qb3 Qc8 25. Bxf8 Nxf8 26. Nf5 Rc7 27. Rac1 Qb7 28. Qe3 Ng4 29. Qg5 e3+ 30. f3 Ne6 31. Rd8+ 1-0


[Site "https://www.chess.com"]

[Event "Titled Tuesday Blitz May 18 2021"]
[White "Bortnyk, Olexandr"]
[Black "Galego, Luis"]
[WhiteFideId "14120828"]
[BlackFideId "1900072"]
[WhiteElo "2723"]
[BlackElo "2524"]
[Result "1-0"]
[Round "01"]
[TimeControl "180+1"]
[Date "2021.05.18"]
[WhiteClock "0:00:25"]
[BlackClock "0:00:12"]

1. e4 c5 2. Nf3 e6 3. c3 d5 4. exd5 Qxd5 5. d4 Nf6 6. Be3 cxd4 7. cxd4 Bb4+ 8. Nc3 O-O 9. Bd3 b6 10. Qe2 Bb7 11. O-O Qh5 12. Rac1 Nbd7 13. a3 Bd6 14. h3 a6 15. Rfe1 b5 16. Nd2 Qxe2 17. Bxe2 Nb6 18. Nb3 Rac8 19. Nc5 Bxc5 20. dxc5 Nbd5 21. Nxd5 Nxd5 22. Bf3 Bc6 23. Bd2 Ne7 24. Bg4 Rfd8 25. Bg5 Rd7 26. Rcd1 Rxd1 27. Rxd1 Nd5 28. Re1 Kf8 29. h4 a5 30. Bd2 a4 31. h5 h6 32. Be2 Nf6 33. Bf4 Ke8 34. Be5 Bd7 35. Bd4 Bc6 36. g4 Rd8 37. Be3 Nd5 38. Bd2 f6 39. f3 Ke7 40. Kf2 e5 41. Bf1 Nc7 42. Ba5 Rd5 43. Bxc7 Rxc5 44. Ba5 Rc2+ 45. Re2 Rxe2+ 46. Bxe2 Ke6 47. Bd3 Kd5 48. Be4+ Kc5 49. Bxc6 1-0


[Site "https://www.chess.com"]

[Event "Titled Tuesday Blitz May 18 2021"]
[White "De Waele, Warre"]
[Black "Jobava, Baadur"]
[WhiteFideId "241156"]
[BlackFideId "13601520"]
[WhiteElo "2183"]
[BlackElo "2748"]
[Result "0-1"]
[Round "01"]
[TimeControl "180+1"]
[Date "2021.05.18"]
[WhiteClock "0:00:49"]
[BlackClock "0:01:37"]

1. d4 d5 2. c4 c6 3. Nf3 Nf6 4. e3 Bf5 5. Nc3 e6 6. Nh4 Bg6 7. Be2 Nbd7 8. Qb3 Qc7 9. Bd2 Be7 10. Rc1 O-O 11. Nxg6 hxg6 12. O-O Nb6 13. Rfd1 dxc4 14. Bxc4 Nxc4 15. Qxc4 Rfd8 16. h3 Qb6 17. Na4 Qc7 18. Qc2 e5 19. dxe5 Qxe5 20. Be1 Bd6 21. g3 Qe6 22. Kg2 Qxa2 23. Bc3 Qe6 24. Bd4 Qe4+ 25. Qxe4 Nxe4 26. Ra1 Bc7 27. Rdc1 a6 28. Nb6 Bxb6 29. Bxb6 Rd2 0-1


[Site "https://www.chess.com"]

[Event "Titled Tuesday Blitz May 18 2021"]
[White "Deac, Bogdan-Daniel"]
[Black "Peralta, Eduardo"]
[WhiteFideId "1226380"]
[BlackFideId "3700062"]
[WhiteElo "2605"]
[BlackElo "2205"]
[Result "1-0"]
[Round "01"]
[TimeControl "180+1"]
[Date "2021.05.18"]
[WhiteClock "0:00:07"]
[BlackClock "0:00:04"]

1. e4 c5 2. Nf3 Nc6 3. Bb5 g6 4. O-O Bg7 5. c3 Nf6 6. Re1 O-O 7. d4 a6 8. Bf1 d5 9. e5 Nd7 10. h4 b5 11. h5 cxd4 12. cxd4 Nb6 13. hxg6 hxg6 14. Ng5 f6 15. exf6 exf6 16. Nf3 Bg4 17. Qd3 Bf5 18. Qb3 Rc8 19. Bf4 Nc4 20. Nbd2 Qd7 21. a4 g5 22. Be3 N6a5 23. Qb4 Nc6 24. Qc3 b4 25. Qb3 N6a5 26. Qxb4 Rb8 27. Qc3 Rfc8 28. Nxc4 Nxc4 29. b3 Nd6 30. Qa5 Be4 31. Nd2 f5 32. f3 f4 33. Bf2 Bf5 34. Qxd5+ Kh7 35. Nc4 Nxc4 36. Qxd7 Bxd7 37. Bxc4 a5 38. Re7 Rd8 39. Rae1 Bf5 40. R1e5 Kg6 41. Rxf5 Bxd4 42. Rff7 Bxf2+ 43. Kxf2 Rd2+ 44. Re2 Rb2 45. Rxb2 g4 46. fxg4 Kg5 47. Kf3 Rd8 48. Rf5+ Kg6 49. Kxf4 Rd4+ 50. Kg3 Rd8 51. Re2 Kh6 52. Re6+ Kg7 53. Rxa5 Rd7 54. Rg5+ Kh8 55. Rh6+ Rh7 56. Rg8# 1-0


[Site "https://www.chess.com"]

[Event "Titled Tuesday Blitz May 18 2021"]
[White "Eden, James"]
[Black "Jacobson, Brandon"]
[WhiteFideId "666491"]
[BlackFideId "30901561"]
[WhiteElo "2176"]
[BlackElo "2362"]
[Result "0-1"]
[Round "01"]
[TimeControl "180+1"]
[Date "2021.05.18"]
[WhiteClock "0:00:46"]
[BlackClock "0:00:42"]

1. e4 c5 2. Nf3 Nc6 3. c3 Nf6 4. e5 Nd5 5. d4 cxd4 6. cxd4 d6 7. Bc4 Nb6 8. Bb5 Bd7 9. Nc3 dxe5 10. d5 Nb4 11. Bxd7+ Qxd7 12. a3 N4xd5 13. Nxe5 Qe6 14. Qe2 Nxc3 15. bxc3 f6 16. Nd3 Qxe2+ 17. Kxe2 e5 18. Be3 Nd5 19. c4 Nxe3 20. Kxe3 Rc8 21. Rhb1 b6 22. a4 Rxc4 23. a5 e4 24. axb6 axb6 25. Nf4 Bc5+ 26. Ke2 Kd7 27. Ra7+ Kc6 28. Rxg7 Rc2+ 29. Kd1 Rxf2 30. g3 Rd8+ 31. Ke1 Rxh2 0-1


[Site "https://www.chess.com"]

[Event "Titled Tuesday Blitz May 18 2021"]
[White "Golubev, Mikhail"]
[Black "Nakamura, Hikaru"]
[WhiteFideId "14100983"]
[BlackFideId "2016192"]
[WhiteElo "2374"]
[BlackElo "2900"]
[Result "0-1"]
[Round "01"]
[TimeControl "180+1"]
[Date "2021.05.18"]
[WhiteClock "0:00:01"]
[BlackClock "0:02:05"]

1. e4 c6 2. d4 d5 3. Nc3 dxe4 4. Nxe4 Nf6 5. Nxf6+ gxf6 6. c3 Bf5 7. Ne2 e6 8. Ng3 Bg6 9. h4 h6 10. Bd3 Bxd3 11. Qxd3 Nd7 12. O-O Qc7 13. Re1 O-O-O 14. Nh5 Bd6 15. Qf3 f5 16. Bf4 Rdg8 17. Bxd6 Qxd6 18. Nf4 Rg4 19. g3 Rhg8 20. Kf1 Nf6 21. Re5 Ne4 22. Rd1 c5 23. Rxe4 fxe4 24. Qxe4 Kb8 25. Qf3 cxd4 26. Rxd4 Qa6+ 27. Qe2 Qxe2+ 28. Nxe2 Rxd4 29. Nxd4 Kc7 30. Ke2 a6 31. Ke3 Kd6 32. Nf3 f5 33. Nd2 e5 34. Nc4+ Kd5 35. Na5 b6 36. Nb3 f4+ 0-1


[Site "https://www.chess.com"]

[Event "Titled Tuesday Blitz May 18 2021"]
[White "Grochal, Joey"]
[Black "Sevian, Samuel"]
[WhiteFideId "1019945"]
[BlackFideId "2040506"]
[WhiteElo "2265"]
[BlackElo "2972"]
[Result "0-1"]
[Round "01"]
[TimeControl "180+1"]
[Date "2021.05.18"]
[WhiteClock "0:00:58"]
[BlackClock "0:00:36"]

1. d4 Nf6 2. c4 e5 3. dxe5 Ng4 4. Nf3 Bc5 5. e3 Nc6 6. Nc3 O-O 7. a3 a5 8. Na4 Ba7 9. Be2 Re8 10. O-O Ngxe5 11. Nxe5 Nxe5 12. f4 Ng6 13. c5 d6 14. Kh1 dxc5 15. Qxd8 Rxd8 16. e4 c6 17. Be3 Re8 18. Bxc5 Rxe4 19. Bxa7 Rxe2 20. Nb6 Rxa7 21. Nxc8 Ra8 22. Nd6 Rd8 23. Nxb7 Rdd2 24. Rad1 Rxb2 25. Nc5 Rxg2 26. Rfe1 Rxh2+ 27. Kg1 Rbg2+ 28. Kf1 h5 29. Nd3 Nh4 0-1


[Site "https://www.chess.com"]

[Event "Titled Tuesday Blitz May 18 2021"]
[White "Ibrahimli, Murad"]
[Black "Vantika, Agrawal"]
[WhiteFideId "13410229"]
[BlackFideId "25050389"]
[WhiteElo "2109"]
[BlackElo "1820"]
[Result "1-0"]
[Round "01"]
[TimeControl "180+1"]
[Date "2021.05.18"]
[WhiteClock "0:00:24"]
[BlackClock "0:00:01"]

1. Nf3 Nf6 2. d4 g6 3. c4 Bg7 4. Nc3 O-O 5. e4 d6 6. Be2 Nbd7 7. O-O e5 8. Re1 Re8 9. Bf1 a6 10. d5 a5 11. Rb1 Nc5 12. b3 Bd7 13. a3 a4 14. b4 Nb3 15. Bg5 h6 16. Bh4 g5 17. Bg3 Nh5 18. Nd2 Nxd2 19. Qxd2 Nf4 20. c5 f5 21. f3 g4 22. fxg4 fxg4 23. Bc4 Kh8 24. Rf1 Qg5 25. Qe1 h5 26. Bh4 Qg6 27. g3 Nh3+ 28. Kh1 Rf8 29. Qe2 Bh6 30. Be7 Rf7 31. cxd6 cxd6 32. Rxf7 Qxf7 33. Bxd6 Qf6 34. Bc7 Rf8 35. Rf1 Qg5 36. Rxf8+ Bxf8 37. Qf1 Bg7 38. Nd1 Qd2 39. Be2 h4 40. Bb6 hxg3 41. hxg3 Qc2 42. Bd3 Qd2 43. Be3 Qa2 44. Qf7 Qa1 45. Be2 Bb5 46. Bxg4 Nf4 47. gxf4 exf4 48. Qh5+ Kg8 49. Be6+ 1-0


[Site "https://www.chess.com"]

[Event "Titled Tuesday Blitz May 18 2021"]
[White "Le, Tuan Minh"]
[Black "Degenbaev, Aziz"]
[WhiteFideId "12401153"]
[BlackFideId "13802640"]
[WhiteElo "2450"]
[BlackElo "1932"]
[Result "1-0"]
[Round "01"]
[TimeControl "180+1"]
[Date "2021.05.18"]
[WhiteClock "0:01:59"]
[BlackClock "0:02:51"]

1. d4 f5 2. Nc3 Nf6 3. Bg5 d5 4. Bxf6 exf6 5. e3 Be6 6. Bd3 Nc6 7. a3 Qd7 8. Nge2 Bd6 9. b3 O-O-O 10. Na4 g5 11. c4 Rde8 12. Nac3 f4 13. cxd5 fxe3 14. dxe6 exf2+ 15. Kf1 Qxe6 16. d5 Qe3 17. dxc6 1-0


[Site "https://www.chess.com"]

[Event "Titled Tuesday Blitz May 18 2021"]
[White "Manukian, Artak"]
[Black "Tari, Aryan"]
[WhiteFideId "13301373"]
[BlackFideId "1510045"]
[WhiteElo "2464"]
[BlackElo "2656"]
[Result "1-0"]
[Round "01"]
[TimeControl "180+1"]
[Date "2021.05.18"]
[WhiteClock "0:00:10"]
[BlackClock "0:00:11"]

1. e4 e5 2. Nf3 Nc6 3. d4 exd4 4. Nxd4 Qf6 5. Nxc6 dxc6 6. Bc4 Be6 7. Bxe6 Qxe6 8. O-O Bc5 9. Nc3 Ne7 10. Qf3 Ng6 11. Be3 Bb6 12. Rad1 O-O 13. Bxb6 axb6 14. a3 b5 15. Qf5 Qxf5 16. exf5 Ne5 17. Rfe1 f6 18. f4 Nc4 19. Re7 Rf7 20. Rxf7 Kxf7 21. Rd7+ Kf8 22. Rxc7 Nxb2 23. Ne4 Rxa3 24. Nc5 g6 25. Ne6+ Kg8 26. Rg7+ Kh8 27. Rxb7 Ra8 28. fxg6 hxg6 29. g4 Nc4 30. f5 gxf5 31. gxf5 Ne3 32. Rf7 Nxc2 33. Rxf6 b4 34. Rh6+ Kg8 35. Rg6+ Kf7 36. Ng5+ Ke7 37. Rxc6 b3 38. Rb6 Nd4 39. f6+ Kf8 40. Rb7 Rc8 41. Nh7+ Kg8 42. f7+ 1-0


[Site "https://www.chess.com"]

[Event "Titled Tuesday Blitz May 18 2021"]
[White "Martinez Alcantara, Jose Eduardo"]
[Black "Viana Da Costa, Fernando"]
[WhiteFideId "3805662"]
[BlackFideId "2111900"]
[WhiteElo "2690"]
[BlackElo "2247"]
[Result "0-1"]
[Round "01"]
[TimeControl "180+1"]
[Date "2021.05.18"]
[WhiteClock "0:00:02"]
[BlackClock "0:00:13"]

1. e4 c5 2. Nf3 Nc6 3. Bc4 g6 4. Nc3 Bg7 5. h4 Nf6 6. d3 d6 7. Bf4 Bg4 8. Qd2 Bxf3 9. gxf3 Nd4 10. Qd1 O-O 11. Be3 Nh5 12. Rb1 Rb8 13. Bxd4 Bxd4 14. Ne2 Be5 15. Qd2 b5 16. Bb3 c4 17. dxc4 bxc4 18. Bxc4 Bxb2 19. c3 Ba3 20. Rxb8 Qxb8 21. Bb3 Qc7 22. Rg1 e6 23. f4 Nf6 24. Qd3 d5 25. f5 Nxe4 26. f3 Nc5 27. Qd2 Nxb3 28. axb3 exf5 29. Qxd5 Re8 30. Kf1 Qe7 31. Qc4 Qe3 32. Rg3 Bc5 33. Ke1 Qf2+ 34. Kd1 Rd8+ 35. Kc2 Bb6 36. b4 Re8 0-1


[Site "https://www.chess.com"]

[Event "Titled Tuesday Blitz May 18 2021"]
[White "Martirosyan, Haik M."]
[Black "Noboa Silva, Kevin"]
[WhiteFideId "13306553"]
[BlackFideId "3618471"]
[WhiteElo "2656"]
[BlackElo "2161"]
[Result "1/2-1/2"]
[Round "01"]
[TimeControl "180+1"]
[Date "2021.05.18"]
[WhiteClock "0:00:09"]
[BlackClock "0:00:02"]

1. c4 e5 2. g3 Nf6 3. Bg2 c6 4. Nf3 e4 5. Nd4 Qb6 6. Nb3 a5 7. d3 Bb4+ 8. Nc3 a4 9. Nd2 exd3 10. exd3 O-O 11. O-O a3 12. Nb3 d6 13. Qc2 Bf5 14. Be3 Qc7 15. bxa3 Bxa3 16. h3 Nbd7 17. g4 Bg6 18. f4 Rfe8 19. Bf2 h6 20. Rfe1 Bb4 21. f5 Bh7 22. d4 Rxe1+ 23. Rxe1 Bxc3 24. Qxc3 Rxa2 25. Nc1 Ra8 26. Nd3 Re8 27. Rxe8+ Nxe8 28. Bg3 g6 29. fxg6 Bxg6 30. c5 Ndf6 31. Nf2 Qe7 32. Kh2 d5 33. Be5 Nd7 34. Bf4 Kh7 35. Qd2 Qf8 36. h4 h5 37. Bh3 hxg4 38. Nxg4 Nef6 39. Ne5 Nxe5 40. Bxe5 Ne4 41. Qf4 f6 42. Bd6 Qa8 43. Bg2 Qa2 44. Qg4 f5 45. Qf4 Qe2 46. Bf8 Qh5 47. Qc7+ Bf7 48. Qe7 Kg8 49. Qd8 Kh7 50. Be7 Qg4 51. Bf6 Qg3+ 52. Kh1 Qe1+ 53. Kh2 Qg3+ 54. Kg1 Qe1+ 55. Kh2 Qg3+ 1/2-1/2


[Site "https://www.chess.com"]

[Event "Titled Tuesday Blitz May 18 2021"]
[White "Naroditsky, Daniel"]
[Black "Orantes Taboada, Francisco"]
[WhiteFideId "2026961"]
[BlackFideId "22274758"]
[WhiteElo "2608"]
[BlackElo "2073"]
[Result "1-0"]
[Round "01"]
[TimeControl "180+1"]
[Date "2021.05.18"]
[WhiteClock "0:00:04"]
[BlackClock "0:00:02"]

1. e4 c5 2. c3 d5 3. exd5 Qxd5 4. d4 Nf6 5. Nf3 Bg4 6. Nbd2 cxd4 7. Bc4 Qd7 8. Qb3 e6 9. Ne5 Qc7 10. cxd4 Bd6 11. Nxg4 Nxg4 12. Ne4 Nc6 13. h3 Nf6 14. Nxf6+ gxf6 15. O-O Nxd4 16. Qd3 Nc6 17. Qf3 Nd4 18. Qd3 Rd8 19. Be3 Nc6 20. Qe4 Ke7 21. Rfe1 Rhg8 22. Rac1 Qa5 23. Qxh7 Qe5 24. f4 Qxb2 25. Re2 Qa3 26. Bxe6 Rdf8 27. Bb3 Kd8 28. Rd1 Rg3 29. Qf5 Rfg8 30. Qxf6+ Kc7 31. Qxf7+ Ne7 32. Qc4+ Kb8 33. Qd3 Bc5 34. Bxg8 Bxe3+ 35. Rxe3 Qxd3 36. Rdxd3 Rxg8 37. Rxe7 1-0


[Site "https://www.chess.com"]

[Event "Titled Tuesday Blitz May 18 2021"]
[White "Oparin, Grigoriy"]
[Black "Meissner, Felix"]
[WhiteFideId "24125890"]
[BlackFideId "24671827"]
[WhiteElo "2628"]
[BlackElo "2390"]
[Result "1-0"]
[Round "01"]
[TimeControl "180+1"]
[Date "2021.05.18"]
[WhiteClock "0:01:09"]
[BlackClock "0:01:01"]

1. Nc3 g6 2. e4 c6 3. Nf3 d5 4. d4 dxe4 5. Nxe4 Nf6 6. Nxf6+ exf6 7. Bc4 Bg7 8. O-O O-O 9. h3 a5 10. Re1 Na6 11. a4 Nc7 12. Bf4 Nd5 13. Bg3 Be6 14. Bb3 Qd7 15. Qd2 Rfe8 16. Rad1 h5 17. c4 Nb4 18. d5 cxd5 19. cxd5 Bf5 20. d6 Kh7 21. Nd4 Bh6 22. Qc3 Rac8 23. Rxe8 Rxc3 24. Re7 Rd3 25. Rxd3 Nxd3 26. Rxf7+ Qxf7 27. Bxf7 Bd7 28. Be6 Nc5 29. Bxd7 Nxd7 30. Kf1 f5 31. Ne6 Kg8 32. Bh4 Bf8 33. Be7 Bxe7 34. dxe7 Kf7 35. Nd8+ Kxe7 36. Nxb7 Ke6 37. Nxa5 Nc5 38. b3 Kd5 39. Ke2 Kd4 40. Nc6+ Kd5 41. Ne7+ Ke4 42. Nxg6 Nxb3 43. g3 Nd4+ 44. Kf1 Nb3 45. h4 Kf3 46. Nf4 Kg4 47. Kg2 Nd4 48. Nd5 f4 49. Nxf4 1-0


[Site "https://www.chess.com"]

[Event "Titled Tuesday Blitz May 18 2021"]
[White "Perez, Maximiliano"]
[Black "Zubov, Alexander"]
[WhiteFideId "117234"]
[BlackFideId "14109409"]
[WhiteElo "2368"]
[BlackElo "2740"]
[Result "1-0"]
[Round "01"]
[TimeControl "180+1"]
[Date "2021.05.18"]
[WhiteClock "0:00:35"]
[BlackClock "0:00:40"]

1. e4 c5 2. Nf3 e6 3. d3 Nc6 4. g3 d5 5. Nbd2 Nf6 6. Bg2 Be7 7. O-O O-O 8. Re1 b5 9. e5 Ne8 10. Nf1 Nc7 11. h4 b4 12. h5 Nb5 13. h6 g6 14. N1h2 Ncd4 15. Be3 a5 16. Qd2 a4 17. Bxd4 Nxd4 18. Nxd4 cxd4 19. Nf3 Bd7 20. Qf4 b3 21. axb3 axb3 22. cxb3 Qb6 23. Qxd4 Bc5 24. Qf4 Bxf2+ 25. Kh2 f5 26. exf6 Bxe1 27. f7+ 1-0


[Site "https://www.chess.com"]

[Event "Titled Tuesday Blitz May 18 2021"]
[White "Sasikiran, Krishnan"]
[Black "Grunberg, Mihai-Lucian"]
[WhiteFideId "5004985"]
[BlackFideId "1204149"]
[WhiteElo "2552"]
[BlackElo "2364"]
[Result "1-0"]
[Round "01"]
[TimeControl "180+1"]
[Date "2021.05.18"]
[WhiteClock "0:01:01"]
[BlackClock "0:00:11"]

1. e4 Nf6 2. e5 Nd5 3. d4 d6 4. Nf3 dxe5 5. Nxe5 c6 6. Be2 Nd7 7. Nf3 g6 8. O-O Bg7 9. c4 Nc7 10. Nc3 O-O 11. Re1 e5 12. Bg5 f6 13. Be3 Ne6 14. dxe5 Nxe5 15. Qxd8 Rxd8 16. Nxe5 fxe5 17. Bg4 Nd4 18. Bxc8 Raxc8 19. Red1 Nc2 20. Rxd8+ Rxd8 21. Rd1 Rxd1+ 22. Nxd1 b6 23. Kf1 Kf7 24. Ke2 Ke6 25. Nc3 Kf5 26. f3 h5 27. Ne4 Ke6 28. a3 Nd4+ 29. Kd3 Nf5 30. Bf2 Bh6 31. a4 Bc1 32. b3 Bf4 33. h3 Ne7 34. b4 Bh6 35. a5 bxa5 36. bxa5 Nc8 37. Bc5 Kf5 38. a6 Ke6 39. g4 hxg4 40. fxg4 Kd7 41. h4 Bg7 42. Be3 Kc7 43. h5 gxh5 44. gxh5 Nb6 45. h6 Bh8 46. h7 Bg7 47. Bg5 Nd7 48. Be3 c5 49. Nxc5 Nf6 50. Ne6+ 1-0


[Site "https://www.chess.com"]

[Event "Titled Tuesday Blitz May 18 2021"]
[White "Shishkov, Andrei"]
[Black "Artemiev, Vladislav"]
[WhiteFideId "4500563"]
[BlackFideId "24101605"]
[WhiteElo "2312"]
[BlackElo "2783"]
[Result "0-1"]
[Round "01"]
[TimeControl "180+1"]
[Date "2021.05.18"]
[WhiteClock "0:00:05"]
[BlackClock "0:00:05"]

1. d4 g6 2. e4 Bg7 3. Nf3 c6 4. Bd3 d5 5. Nbd2 dxe4 6. Nxe4 Nf6 7. Nxf6+ exf6 8. O-O O-O 9. c3 Be6 10. Bf4 Nd7 11. h3 Nb6 12. Re1 Nd5 13. Bg3 Bh6 14. a3 Qd7 15. Bf1 Rfe8 16. Qc2 Nf4 17. Rad1 Qd5 18. Qe4 Nh5 19. Bh2 Qd7 20. Qc2 Bd5 21. Qd3 Bf4 22. Rxe8+ Rxe8 23. Re1 Bxh2+ 24. Kxh2 Rd8 25. g3 Qd6 26. Bg2 Ng7 27. Rd1 Ne6 28. Qe2 h5 29. Nd2 h4 30. Ne4 Bxe4 31. Qxe4 hxg3+ 32. fxg3 f5 33. Qf3 f4 34. Rf1 fxg3+ 35. Qxg3 Kg7 36. Qxd6 Rxd6 37. Kg3 f5 38. h4 Kf6 39. Re1 b6 40. Bf3 c5 41. d5 Nc7 42. c4 b5 43. b3 Ra6 44. cxb5 Nxb5 45. a4 Nd4 46. Re8 Rb6 47. Bd1 Nxb3 0-1


[Site "https://www.chess.com"]

[Event "Titled Tuesday Blitz May 18 2021"]
[White "Silva Lucena, Cristian"]
[Black "Dubov, Daniil"]
[WhiteFideId "2232588"]
[BlackFideId "24126055"]
[WhiteElo "2217"]
[BlackElo "2722"]
[Result "1/2-1/2"]
[Round "01"]
[TimeControl "180+1"]
[Date "2021.05.18"]
[WhiteClock "0:00:24"]
[BlackClock "0:00:18"]

1. e4 c5 2. Nf3 Nc6 3. d4 cxd4 4. Nxd4 Nf6 5. Nc3 e5 6. Ndb5 d6 7. Bg5 a6 8. Na3 b5 9. Nd5 Be7 10. Bxf6 Bxf6 11. c3 O-O 12. Nc2 Rb8 13. a4 bxa4 14. Ncb4 Nxb4 15. cxb4 a5 16. b5 Bg5 17. Qxa4 Be6 18. Bc4 f5 19. exf5 Rxf5 20. O-O Kh8 21. Qxa5 Qf8 22. b6 Bxd5 23. Qxd5 Bd8 24. b7 Bb6 25. Kh1 g6 26. f3 Rf4 27. Ra8 Kg7 28. Qc6 Rh4 29. Rxb8 Rxh2+ 30. Kxh2 Qf4+ 31. g3 Qh6+ 32. Kg2 Qd2+ 33. Kh3 Qh6+ 34. Kg2 Qd2+ 35. Kh3 Qh6+ 36. Kg2 1/2-1/2


[Site "https://www.chess.com"]

[Event "Titled Tuesday Blitz May 18 2021"]
[White "Sjugirov, Sanan"]
[Black "Kholin, Aleksandr"]
[WhiteFideId "4189302"]
[BlackFideId "14179385"]
[WhiteElo "2472"]
[BlackElo "2467"]
[Result "1-0"]
[Round "01"]
[TimeControl "180+1"]
[Date "2021.05.18"]
[WhiteClock "0:01:09"]
[BlackClock "0:00:02"]

1. d4 d5 2. c4 c6 3. Nf3 Nf6 4. Nc3 e6 5. Bg5 h6 6. Bxf6 Qxf6 7. e3 g6 8. Rc1 Nd7 9. cxd5 exd5 10. Bd3 Bg7 11. b4 O-O 12. O-O a6 13. a4 b5 14. a5 Qd6 15. Qb3 Nf6 16. h3 Be6 17. Ne5 Ne4 18. Nf3 f5 19. Qb2 Rac8 20. Ne2 g5 21. Ne5 f4 22. f3 Ng3 23. Nxg3 fxg3 24. f4 Bxe5 25. dxe5 Qd7 26. Rf3 gxf4 27. exf4 Bf5 28. Bxf5 Qxf5 29. Rxg3+ Kh7 30. Rf1 c5 31. bxc5 Rxc5 32. Qd4 Rfc8 33. Kh2 R8c7 34. Rff3 Rc1 35. Qxd5 1-0


[Site "https://www.chess.com"]

[Event "Titled Tuesday Blitz May 18 2021"]
[White "Sokolin, Leonid"]
[Black "Sarana, Alexey"]
[WhiteFideId "2009161"]
[BlackFideId "24133795"]
[WhiteElo "2394"]
[BlackElo "2629"]
[Result "0-1"]
[Round "01"]
[TimeControl "180+1"]
[Date "2021.05.18"]
[WhiteClock "0:00:34"]
[BlackClock "0:00:53"]

1. e4 c5 2. Nf3 d6 3. c3 Nf6 4. Be2 a6 5. O-O g6 6. Qc2 Bg7 7. d4 O-O 8. dxc5 dxc5 9. Bf4 Nc6 10. Rd1 Qb6 11. Nbd2 Bg4 12. h3 Bxf3 13. Bxf3 Rad8 14. a4 Nd7 15. Nc4 Qa7 16. Bc7 b5 17. Bxd8 bxc4 18. Be2 Rxd8 19. Bxc4 Nce5 20. Ba2 c4 21. Qe2 Rc8 22. Kh2 Qc7 23. g3 Rb8 24. Rd2 e6 25. f4 Nd3 26. Rad1 Nb6 27. a5 Na4 28. Bxc4 Ndxb2 0-1


[Site "https://www.chess.com"]

[Event "Titled Tuesday Blitz May 18 2021"]
[White "Steven_Rojas"]
[Black "Abdusattorov, Nodirbek"]
[BlackFideId "14204118"]
[WhiteElo "2462"]
[BlackElo "2662"]
[Result "0-1"]
[Round "01"]
[TimeControl "180+1"]
[Date "2021.05.18"]
[WhiteClock "0:00:12"]
[BlackClock "0:00:58"]

1. c4 Nf6 2. Nc3 g6 3. g3 Bg7 4. Bg2 O-O 5. d4 Nc6 6. e4 e5 7. dxe5 Nxe5 8. b3 d6 9. h3 Re8 10. Nge2 Ned7 11. Be3 Nc5 12. Bxc5 dxc5 13. Qxd8 Rxd8 14. Rd1 Rxd1+ 15. Kxd1 c6 16. Kc2 Kf8 17. f4 h5 18. e5 Bf5+ 19. Kc1 Nd7 20. Rd1 f6 21. Be4 Bxh3 22. Bxg6 fxe5 23. Bxh5 exf4 24. Nxf4 Bf5 25. Ne4 Bd4 26. Nd6 Bh7 27. Ne6+ Ke7 28. Nxd4 Kxd6 29. Nf5+ Kc7 30. Ng7 Ne5 31. Ne8+ Kb6 32. Rd6 a5 33. a4 Be4 34. Kd2 Bf3 35. Bxf3 Nxf3+ 36. Ke3 Nd4 37. Ng7 Rg8 38. Rd7 Rxg7 39. Rxg7 Nf5+ 40. Kf4 Nxg7 41. Ke5 Kc7 42. g4 Kd7 43. Kf6 Ne6 44. g5 Kd6 45. g6 Nf4 46. g7 Nh5+ 47. Kg6 Nxg7 48. Kxg7 Ke5 49. Kf7 Kd4 50. Ke7 Kc3 51. Kd7 Kxb3 52. Kc7 0-1


[Site "https://www.chess.com"]

[Event "Titled Tuesday Blitz May 18 2021"]
[White "Tabatabaei, M. Amin"]
[Black "Kovacsy, Barnabas"]
[WhiteFideId "12521213"]
[BlackFideId "769290"]
[WhiteElo "2555"]
[BlackElo "1938"]
[Result "1-0"]
[Round "01"]
[TimeControl "180+1"]
[Date "2021.05.18"]
[WhiteClock "0:02:50"]
[BlackClock "0:02:44"]

1. Nf3 Nf6 2. c4 g6 3. b3 Bg7 4. Bb2 O-O 5. g3 b6 6. Bg2 Bb7 7. O-O c5 8. d4 cxd4 9. Qxd4 Nc6 10. Qc3 d6 11. Rd1 Qc7 12. Na3 a6 13. Qd2 Rad8 14. Rac1 Nb8 15. Nc2 Nbd7 16. Ne3 Nc5 17. Nd5 Nce4 18. Nxc7 1-0


[Site "https://www.chess.com"]

[Event "Titled Tuesday Blitz May 18 2021"]
[White "Tsyhanchuk_Stanislav"]
[Black "Quparadze, Giga"]
[BlackFideId "13602250"]
[WhiteElo "2466"]
[BlackElo "2658"]
[Result "1-0"]
[Round "01"]
[TimeControl "180+1"]
[Date "2021.05.18"]
[WhiteClock "0:00:44"]
[BlackClock "0:02:01"]

1. e4 c5 2. Nf3 e6 3. d4 cxd4 4. Nxd4 a6 5. Nc3 b5 6. Bd3 Qb6 7. Nf3 Nc6 8. O-O Qb8 9. e5 Nge7 10. Re1 Ng6 11. Bxg6 hxg6 12. Bf4 Be7 13. Ne4 Bb7 14. Qd2 Nb4 15. Nf6+ gxf6 16. exf6 Qc8 17. fxe7 Nd5 18. Bd6 Qc6 19. Ba3 Nxe7 20. Rad1 d6 21. Bxd6 O-O-O 22. Qa5 Rxd6 23. Rxd6 Qxd6 24. Qc3+ Kd7 25. Qxh8 Bxf3 26. gxf3 Qf4 27. Qa8 Nd5 28. Qxa6 b4 29. Qb7+ Ke8 30. Qxd5 1-0


[Site "https://www.chess.com"]

[Event "Titled Tuesday Blitz May 18 2021"]
[White "ViditYT"]
[Black "Voege, Tobias"]
[BlackFideId "1270513"]
[WhiteElo "2947"]
[BlackElo "2283"]
[Result "1-0"]
[Round "01"]
[TimeControl "180+1"]
[Date "2021.05.18"]
[WhiteClock "0:01:13"]
[BlackClock "0:00:15"]

1. Nf3 c5 2. c4 g6 3. g3 Bg7 4. Bg2 Nf6 5. b3 d5 6. Bb2 O-O 7. cxd5 Nxd5 8. Bxg7 Kxg7 9. Qc1 b6 10. Qb2+ Kg8 11. d4 Na6 12. O-O Bb7 13. Rd1 e6 14. Na3 Qf6 15. Nc4 Rfd8 16. Nfe5 Rac8 17. Rd3 Qg7 18. Rad1 Ne7 19. Bxb7 1-0


[Site "https://www.chess.com"]